 Dungeon Crawl Stone Soup version 0.24.0-123-gd5b16e6ec5 (webtiles) character file.

Game seed: 5111603173651518356, levelgen mode: deterministic

16 Descartes the Grasshopper (level 2, -6/13 HPs)
             Began as a Felid Warper on Feb 5, 2020.
             Mangled by Natasha (10 damage)
             ... on level 2 of the Dungeon.
             The game lasted 00:01:05 (983 turns).

Descartes the Grasshopper (Felid Warper)             Turns: 983, Time: 00:01:05

Health: -6/13      AC:  1    Str:  7    XL:     2   Next: 37%
Magic:  6/6        EV: 18    Int: 14    God:
Gold:   85         SH:  0    Dex: 15    Spells: 5/5 levels left
                                        Lives:  0   Deaths: 0

rFire    . . .     SeeInvis +     - Unarmed
rCold    . . .     Gourm    .   (shield unavailable)
rNeg     . . .     Faith    .   (armour unavailable)
rPois    .         Spirit   .   (helmet unavailable)
rElec    .         Reflect  .   (cloak unavailable)
rCorr    .         Harm     .   (gloves unavailable)
MR       .....                  (boots unavailable)
Stlth    ++........             (no amulet)
HPRegen  0.04/turn              (no ring)
MPRegen  0.10/turn              (no ring)

@: quick
A: very small, no armour, no weapons or thrown items, stealth, claws 1, fangs 3,
see invisible, carnivore, speed 1, shaggy fur 1, slow metabolism 1, sharp paws
a: no special abilities


You were on level 2 of the Dungeon.
You were completely stuffed.

You visited 1 branch of the dungeon, and saw 2 of its levels.

You collected 85 gold pieces.

Inventory:

Missiles
 d - 15 arrows
 g - 5 stones
Scrolls
 b - a scroll of blinking
 h - a scroll of remove curse {unknown}
Potions
 a - a potion of ambrosia {unknown}
 e - a potion of curing {unknown}
Comestibles
 c - 3 rations


   Skills:
 - Level 2.0 Fighting
 + Level 3.5 Dodging
 * Level 2.2 Stealth
 + Level 2.2 Unarmed Combat
 - Level 2.0 Spellcasting
   Level 4.4 Translocations


You had 5 spell levels left.
You didn't know any spells.
Your spell library contained the following spells:

 Spells                   Type           Power        Failure   Level  Hunger
 Blink                    Tloc           N/A          6%          2    ###....
 Gell's Gravitas          Tloc           ##........   12%         3    ####...
 Lesser Beckoning         Tloc           ##........   12%         3    ####...
 Teleport Other           Tloc           ##......     12%         3    ####...
 Shroud of Golubria       Chrm/Tloc      #.....       14%         2    ###....
 Passage of Golubria      Tloc           N/A          36%         4    #####..


Dungeon Overview and Level Annotations

Branches:
Dungeon (2/15)

Altars:
Uskayaw

Annotations:
D:2 Natasha


Innate Abilities, Weirdness & Mutations

You cannot wear armour.
You are incapable of wielding weapons or throwing items.
Your paws allow you to move quietly. (Stealth)
You have sharp claws.
You have razor-sharp teeth.
You have supernaturally acute eyesight. (SInv)
You are carnivorous and can eat meat at any time.
You cover ground quickly.
You are covered in fur. (AC +1)
You have a slow metabolism.
Your sharp claws are effective at attacking unaware monsters.


Message History

There is a stone staircase leading up here.
Natasha and a dart slug come into view.
Found a scroll labeled CULEENK ZYFA.
Natasha completely misses you.
You scratch Natasha.
Natasha is lightly wounded.
Natasha claws you.
You closely miss Natasha. You bite Natasha, but do no damage.
Natasha is lightly wounded.
Natasha stares at you and mumbles some strange words.
You resist with some effort.
You completely miss Natasha. You bite Natasha.
Natasha is lightly wounded.
Natasha claws you.
You are too injured to fight recklessly!
You scratch Natasha.
Natasha is moderately wounded.
Natasha claws you!
Ouch! That really hurt!
You die...

#. # .... .#. ..
######.####
.......w..
##.....h.#######
...#####@.......
...#..(#..######
...#..(#..#
##.#####..#
..........#
##..._....#
##?....#<#
#########


You could see 2 dancing weapons, Natasha and a dart slug.

Vanquished Creatures
  A dart slug (D:1)
  3 bats (D:1)
  A hobgoblin (D:1)
  3 kobolds (D:1)
  A ball python (D:1)
  3 frilled lizards (D:1)
  2 rats (D:1)
14 creatures vanquished.

Notes
Turn   | Place    | Note
-------+----------+-------------------------------------------
     0 | D:1      | Descartes the Felid Warper began the quest for the Orb.
     0 | D:1      | Reached XP level 1. HP: 9/9 MP: 4/4
   270 | D:1      | Noticed an ogre
   270 | D:1      | Noticed an ogre
   270 | D:1      | Noticed an ogre
   270 | D:1      | Noticed an ogre
   274 | D:1      | Reached skill level 1 in Stealth
   521 | D:1      | Reached XP level 2. HP: 13/13 MP: 6/6
   973 | D:2      | Found a hide-covered altar of Uskayaw.
   973 | D:2      | Noticed a +0 hand axe
   973 | D:2      | Noticed a +0 hand axe
   974 | D:2      | Noticed Natasha
   983 | D:2      | Mangled by Natasha

Levels and vault maps discovered:
D:1:      erik_arrival_cave_to_civilisation [erik_arrival_cave_to_temple],
          layout_basic
D:2:      layout_basic, lemuel_crystal_altar, dancing_weapons_uskayaw,
          serial_forest, infiniplex_forest_clump_long,
          infiniplex_forest_straight_4, infiniplex_forest_corner_1,
          infiniplex_forest_straight_3, infiniplex_forest_clump_tiny,
          infiniplex_forest_lined_room_3, uniq_jessica, uniq_sigmund,
          uniq_natasha

Skill      XL: |  1  2 |
---------------+-------+-----
Stealth        | 1 2 |  2.2
Fighting       | |  2.0
Dodging        | |  3.5
Unarmed Combat | |  2.2
Spellcasting   | |  2.0
Translocations | |  4.4

Action                   || total
-------------------------++-------
Melee: Unarmed           ||    32
       Bite              ||     6
 Stab: Sleeping          ||     1
  Eat: Chunk             ||     7
Armor: Skin              ||     2
Dodge: Dodged            ||    16
